 Dungeon Crawl Stone Soup version 0.21.1-1-g345015f (webtiles) character file.

56 Santangelo the Caller (level 3, -9/26 HPs)
             Began as a Merfolk Summoner on Feb 7, 2018.
             Killed by nerve-wracking pain
             ... invoked by a shadow imp
             ... summoned by Natasha
              (12 damage)
             ... on level 2 of the Dungeon.
             The game lasted 00:13:20 (2342 turns).

Santangelo the Caller (Merfolk Summoner)            Turns: 2342, Time: 00:13:23

Health: -9/26      AC:  3    Str:  8    XL:     3   Next: 97%
Magic:  2/6        EV: 12    Int: 15    God:
Gold:   95         SH:  0    Dex: 14    Spells: 3/6 levels left

rFire    . . .     SeeInvis .   d - -1 whip (curse)
rCold    . . .     Gourm    .   (no shield)
rNeg     . . .     Faith    .   h - +0 leather armour
rPois    .         Spirit   .   (no helmet)
rElec    .         Reflect  .   (no cloak)
rCorr    .         Harm     .   (no gloves)
MR       .....                  (no boots)
Stlth    ++........             (no amulet)
HPRegen  0.08/turn              (no ring)
MPRegen  0.10/turn              (no ring)

@: no status effects
A: change form in water, swift swim, stealthy swim
a: no special abilities


You were on level 2 of the Dungeon.
You were not hungry.

You visited 1 branch of the dungeon, and saw 2 of its levels.

You collected 95 gold pieces.

Inventory:

Hand Weapons
 d - a cursed -1 whip (weapon)
Armour
 h - a +0 leather armour (worn)
Scrolls
 f - a scroll of teleportation {unknown}
 g - a scroll of amnesia {unknown}
 j - 2 scrolls of identify {unknown}
 l - a scroll of noise {unknown}
 m - a scroll of enchant armour {unknown}
 n - a scroll of blinking {unknown}
Potions
 a - a potion of invisibility {unknown}
 e - a potion of heal wounds {unknown}
 i - 2 potions of might {unknown}
Books
 b - a book of Callings

   Spells                             Type                      Level
   a - Summon Small Mammal            Summoning                    1
   b - Call Imp                       Summoning                    2
   c - Call Canine Familiar           Summoning                    3
   d - Summon Guardian Golem          Hexes/Summoning              3
   e - Summon Lightning Spire         Summoning/Air                4
   f - Summon Ice Beast               Ice/Summoning                4
Comestibles
 c - 2 rations
 k - 2 chunks of flesh


   Skills:
 * Level 1.5 Fighting
 * Level 1.2 Maces & Flails
 + Level 0.3 Armour
 + Level 2.9 Dodging
 - Level 2.1 Stealth
 + Level 2.2 Spellcasting
 + Level 4.3 Summonings


You had 3 spell levels left.
You knew the following spells:

 Your Spells              Type           Power        Failure   Level  Hunger
a - Summon Small Mammal   Summ           ##..         4%          1    #......
e - Call Imp              Summ           ##......     8%          2    ###....


Dungeon Overview and Level Annotations

Branches:
Dungeon (2/15)

Altars:

Annotations:
D:2 Natasha


Message History

Your bat's corpse disappears in a puff of smoke!
The shadow imp barely misses you.
The leopard gecko bites your crimson imp.
Your crimson imp hits the leopard gecko.
You barely miss Natasha.
Natasha is heavily wounded.
Your bat hits the leopard gecko. Natasha completely misses you.
The shadow imp hits you.
* * * LOW HITPOINT WARNING * * *
Your bat hits the shadow imp but does no damage.
The leopard gecko barely misses your bat.
Your crimson imp blinks!
You miss Natasha.
Natasha is heavily wounded.
Your bat hits the shadow imp but does no damage.
Your bat barely misses the leopard gecko.
Your bat barely misses the shadow imp.
The shadow imp gestures at you. Pain shoots through your body!
You die...

####.### ... #....
#..<...# l... #....
#....).# ..... #....
#......# ..... #.##.
#......###..... #....
#.........# ####.
#...5..bb.###)# #.
#....55hl.....# #.
###.#.@ยง..############.
#.#.....###..........
.................####..
#..........##.##.# #.#
.......#.......##.# #.#
....#..###..##.##.# #..
.....#5......#...#.# #.#
.....#.####.......# #.#
.# ###...### #.#


You could see Natasha, a crimson imp, 2 shadow imps, a leopard gecko, a friendly
crimson imp and 2 friendly bats.

Vanquished Creatures
  Natasha (D:2)
  An adder (D:2)
  2 goblins
  3 hobgoblins
  4 bats
  3 frilled lizards
  2 kobolds (D:1)
  2 rats
18 creatures vanquished.

Vanquished Creatures (collateral kills)
  A worm (D:2)
  A giant cockroach (D:2)
  2 goblins (D:2)
  2 hobgoblins (D:1)
  A frilled lizard (D:2)
  3 rats
10 creatures vanquished.

Grand Total: 28 creatures vanquished

Notes
Turn   | Place    | Note
-------+----------+-------------------------------------------
     0 | D:1      | Santangelo the Merfolk Summoner began the quest for the Orb.
     0 | D:1      | Reached XP level 1. HP: 13/13 MP: 3/3
   570 | D:1      | Reached XP level 2. HP: 20/20 MP: 5/5
   596 | D:1      | Learned a level 2 spell: Call Imp
   764 | D:1      | Reached skill level 1 in Fighting
  1294 | D:2      | Noticed Natasha
  1305 | D:2      | Killed Natasha
  1305 | D:2      | Reached skill level 1 in Maces & Flails
  1305 | D:2      | Reached XP level 3. HP: 4/26 MP: 3/6
  2327 | D:2      | Noticed Natasha
  2342 | D:2      | Killed from afar by a shadow imp

Skill      XL: |  1  2 |
---------------+-------+-----
Fighting       | 1 |  1.5
Maces & Flails | 1 |  1.2
Armour         | |  0.3
Dodging        | |  2.9
Stealth        | |  2.1
Spellcasting   | |  2.2
Summonings     | |  4.3

Action                   || total
-------------------------++-------
Melee: Whip              ||   101
 Cast: Summon Small Mamm ||    10
       Call Imp          ||     7
 Stab: Sleeping          ||     4
  Eat: Chunk             ||     2
       Ration            ||     1
Armor: Leather armour    ||    29
       Robe              ||     2
Dodge: Dodged            ||    90
